 Dungeon Crawl Stone Soup version 0.30.2 (webtiles) character file.

Game seed: 469632691044169266

46 porpoise the Shooter (level 3, -2/31 HPs)
             Began as a Minotaur Hunter on Mar 2, 2024.
             Killed from afar by an orc wizard (10 damage)
             ... with a puff of flame
             ... on level 2 of the Dungeon.
             The game lasted 00:03:46 (1536 turns).

porpoise the Shooter (Minotaur Hunter)              Turns: 1536, Time: 00:03:46

Health: -2/31      AC:  5    Str: 15    XL:     3   Next: 46%
Magic:  2/2        EV: 11    Int: 12    God:
Gold:   135        SH:  0    Dex: 15    Spells: 2/2 levels left

rFire   . . .        a - +0 shortbow
rCold   . . .        (shield currently unavailable)
rNeg    . . .        m - +0 ring mail
rPois   .            (helmet restricted)
rElec   .            (no cloak)
rCorr   .            (no gloves)
SInv    .            (no boots)
Will    .....        (no amulet) Stlth
                     d - +6 ring of intelligence
HPRegen 0.25/turn    (no ring)
MPRegen 0.08/turn

%: no passive effects
@: confused
A: horns 2, retaliatory headbutt
a: no special abilities


You were on level 2 of the Dungeon.
You visited 1 branch of the dungeon, and saw 3 of its levels.

You collected 135 gold pieces.

Inventory:

Hand Weapons
 a - a +0 shortbow (weapon)
Missiles
 h - 2 javelins
Armour
 m - a +0 ring mail (worn)
Jewellery
 d - a +6 ring of intelligence (left hand)
 k - a ring of ice
Scrolls
 b - a scroll of immolation
 e - 2 scrolls of teleportation
 g - a scroll of identify {unknown}
 i - a scroll of vulnerability {unknown}
Potions
 c - a potion of haste {unknown}
 f - a potion of berserk rage {unknown}
 j - a potion of curing {unknown}
 l - 2 potions of magic {unknown}


   Skills:
 + Level 3.3 Fighting
 * Level 5.3 Ranged Weapons
 + Level 0.2 Armour
 - Level 2.1 Dodging
 - Level 0.7 Stealth


You had 2 spell levels left.
You didn't know any spells.
Your spell library contained the following spells:

 Spells                   Type           Power      Damage    Failure   Level
 Ozocubu's Armour         Ice            0%         N/A       89%         3
 Ozocubu's Refrigeration  Ice            0%         4d7       100%        7


Dungeon Overview and Level Annotations

Branches:
Dungeon (3/15)

Altars:


Innate Abilities, Weirdness & Mutations

You have a pair of horns on your head.
You reflexively headbutt those who attack you in melee.


Message History

The orc wizard hits you with a +0 dagger.
You shoot an arrow. The arrow barely misses the orc wizard.
The orc wizard hits you with a +0 dagger.
You are too injured to fight recklessly!
You are too injured to fight recklessly!
You shoot an arrow. The arrow barely misses the orc wizard.
The orc wizard hits you with a +0 dagger.
The orc wizard misses you.
You shoot an arrow.
The arrow closely misses the orc wizard.
The orc wizard points at you and mumbles some strange words.
You are confused.
You barely miss the orc wizard.
The orc wizard is heavily wounded.
The orc wizard barely misses you. x2
You bump into the rock wall.
The orc wizard hits you with a +0 dagger.
You bump into the rock wall.
The orc wizard points at you and mumbles some strange words.
The magic dart hits you.
* * * LOW HITPOINT WARNING * * *
You bump into the rock wall.
The orc wizard hits you with a +0 dagger.
* * * LOW HITPOINT WARNING * * *
You clumsily bash the orc wizard but do no damage.
The orc wizard is heavily wounded.
You feel less confused. The orc wizard barely misses you.
You shoot an arrow. The arrow hits the orc wizard.
The orc wizard is severely wounded.
The orc wizard points at you and mumbles some strange words.
You are confused.
You bump into the rock wall.
The orc wizard barely misses you.
You bump into the rock wall.
The orc wizard closely misses you.
Unknown command.
You closely miss the orc wizard.
The orc wizard is severely wounded.
The orc wizard points at you and mumbles some strange words.
The puff of flame hits you!
You die...

.######...#.#.#.#
..........#.#.#.##########
#######.....#.#..........#
..............##########.#
########...............#.####
##.....######........#
###............#...##.#
#......#.############.#
#......#..@o.....<..#.#
#.....#############.#.#
#.....# #########.#.# #.....#
###......##.#.## #.....#
#........#.....# #######.###
#.#.###..#..#### #.....#.#
#.#.###..#..# #.....#.#
#.#......#..# ###.....#.#
#.#.###.....#


You could see an orc wizard.

Vanquished Creatures
  A worm (D:2)
  2 orcs (D:3)
  8 ball pythons (D:1)
  4 giant cockroaches (D:1)
  4 goblins
  4 hobgoblins (D:1)
  A kobold (D:1)
  4 quokkas
  2 bats (D:1)
  3 frilled lizards
  7 rats
40 creatures vanquished.

Notes
Turn   | Place    | Note
-------+----------+-------------------------------------------
     0 | D:1      | porpoise the Minotaur Hunter began the quest for the Orb.
     0 | D:1      | Reached XP level 1. HP: 18/18 MP: 0/0
   120 | D:1      | Reached XP level 2. HP: 25/25 MP: 1/1
   224 | D:1      | Reached skill level 5 in Ranged Weapons
   640 | D:1      | Reached XP level 3. HP: 31/31 MP: 2/2
  1536 | D:2      | Killed from afar by an orc wizard

Illustrated notes

Levels and vault maps discovered:
D:1:      wander_arrival_estate, layout_basic
D:2:      layout_basic, nicolae_titane
D:3:      wad_pebble_path, layout_basic, minitemple

Skill      XL: |  1  2 |
---------------+-------+-----
Fighting       | 3 |  3.3
Ranged Weapons | 5 |  5.3
Armour         | |  0.2
Dodging        | |  2.1
Stealth        | |  0.7

Action                     || total
---------------------------++-------
  Melee: Shortbow          ||     3
   Fire: Shortbow          ||   106
    Use: Scroll            ||     1
 Armour: Leather armour    ||     7
         Ring mail         ||     1
  Dodge: Dodged            ||    20
